 Dungeon Crawl Stone Soup version 0.29-a0-344-ge2f44be95a (webtiles) character file.

Game seed: 17942898730520393496

32 NinjaNoafa the Chopper (level 3, -1/33 HPs)
             Began as a Hill Orc Monk on Apr 21, 2022.
             Slain by a gnoll
             ... wielding a +0 flail
              (7 damage)
             ... on level 1 of the Dungeon.
             The game lasted 00:01:48 (1016 turns).

NinjaNoafa the Chopper (Hill Orc Monk)              Turns: 1016, Time: 00:01:48

Health: -1/33      AC:  2    Str: 15    XL:     3   Next: 25%
Magic:  3/3        EV: 12    Int: 10    God:
Gold:   18         SH:  0    Dex: 13    Spells: 2/2 levels left

rFire   . . .      SeeInvis .   a - +0 hand axe
rCold   . . .      Faith    .   (no shield)
rNeg    . . .      Spirit   .   b - +0 robe
rPois   .          Reflect  .   (no helmet)
rElec   .          Harm     .   (no cloak)
rCorr   .          Rampage  .   (no gloves)
Will    .....                   (no boots)
Stlth   ++........              (no amulet)
HPRegen 0.11/turn               (no ring)
MPRegen 0.08/turn               (no ring)

@: no status effects
A: no striking features
a: no special abilities


You were on level 1 of the Dungeon.
You visited 1 branch of the dungeon, and saw 1 of its levels.

You collected 18 gold pieces.

Inventory:

Hand Weapons
 a - a +0 hand axe (weapon)
 f - a +0 hunting sling
Missiles
 e - 40 stones (quivered)
Armour
 b - a +0 robe (worn)
Scrolls
 i - a scroll of vulnerability {unknown}
 j - a scroll of identify {unknown}
Potions
 c - a potion of ambrosia
 d - 2 potions of magic {unknown}
 g - a potion of attraction {unknown}
 h - a potion of lignification {unknown}


   Skills:
 + Level 4.0 Fighting
 + Level 4.4 Axes
 + Level 2.7 Dodging
 + Level 2.1 Stealth


You had 2 spell levels left.
You didn't know any spells.
Your spell library was empty.

Dungeon Overview and Level Annotations

Branches:
Dungeon (1/15)

Altars:


Message History

The hobgoblin hits you but does no damage.
You barely miss the hobgoblin.
The hobgoblin is severely wounded.
The hobgoblin completely misses you.
You closely miss the hobgoblin.
The hobgoblin is severely wounded.
The hobgoblin closely misses you.
You closely miss the hobgoblin.
The hobgoblin is severely wounded.
The hobgoblin hits you.
You closely miss the hobgoblin.
The hobgoblin is severely wounded.
The hobgoblin closely misses you.
You hit the hobgoblin but do no damage.
The hobgoblin is severely wounded.
The hobgoblin hits you but does no damage.
You barely miss the hobgoblin.
The hobgoblin is severely wounded.
The hobgoblin hits you.
You hit the hobgoblin but do no damage.
The hobgoblin is severely wounded.
The hobgoblin hits you.
You barely miss the hobgoblin.
The hobgoblin is severely wounded.
The hobgoblin closely misses you.
You hit the hobgoblin but do no damage.
The hobgoblin is severely wounded.
The hobgoblin barely misses you.
You barely miss the hobgoblin.
The hobgoblin is severely wounded.
The hobgoblin barely misses you. x2
The hobgoblin attacks as you move away! The hobgoblin closely misses you.
The hobgoblin misses you. The gnoll barely misses you.
You hit the gnoll.
The gnoll is moderately wounded.
You hit the hobgoblin but do no damage. The hobgoblin closely misses you.
The gnoll hits you with a +0 flail!
* * * LOW HITPOINT WARNING * * *
The gnoll attacks as you move away! The gnoll hits you with a +0 flail!
You die...

........#.#....#[......# .[.
...#.##.#.#....#†)##...# ..#
.....##.#.#....).......# #..
..#####..............##.###.#
..#####.#.##.........# #...#
.......... #.#.....##.##)..##.#
.######.# #.......# #..)....# ##
####### #.#...##.##.......#
###.....###...g@# #...#.#.....#
##.........###.#g###...#.##....#
#.....#.....##.#J..)J#.#.#
#.....
.....###.....#....####.#.# #....
.....# #.....###.......#.# ####
....## ##.....##.#######.# .#..#
#..#..##.# .# .#..# #..#..##.#
....## ##.....##.#


You could see a gnoll, an endoplasm and a hobgoblin.

Vanquished Creatures
  2 ball pythons (D:1)
  4 endoplasms (D:1)
  A giant cockroach (D:1)
  4 goblins (D:1)
  3 hobgoblins (D:1)
  3 jackals (D:1)
  4 bats (D:1)
  4 frilled lizards (D:1)
  2 kobolds (D:1)
  A rat (D:1)
28 creatures vanquished.

Notes
Turn   | Place    | Note
-------+----------+-------------------------------------------
     0 | D:1      | NinjaNoafa the Hill Orc Monk began the quest for the Orb.
     0 | D:1      | Reached XP level 1. HP: 19/19 MP: 1/1
   401 | D:1      | Reached XP level 2. HP: 22/27 MP: 2/2
   922 | D:1      | Reached XP level 3. HP: 33/33 MP: 3/3
  1016 | D:1      | Slain by a gnoll

Illustrated notes

Levels and vault maps discovered:
D:1:      minmay_arrival_loop, layout_basic,
          hellmonk_ecumenical_altar_slurped_away, minmay_vboxes

Skill      XL: |  1  2 |
---------------+-------+-----
Fighting       | 4 |  4.0
Stealth        | 2 |  2.1
Axes           | |  4.4
Dodging        | |  2.7

Action                   || total
-------------------------++-------
Melee: Hand axe          ||    61
 Fire: Hunting sling     ||    37
 Stab: Sleeping          ||     1
Armor: Robe              ||    29
Dodge: Dodged            ||    67

Table legend: (Time is in decaauts)
 A = Elapsed time spent in this place.
 B = Non-inter-level travel time spent in this place.
 C = Inter-level travel time spent in this place.
 D = Time resting spent in this place.
 E = Time spent auto-exploring this place.
 F = Levels seen in this place.
 G = Mean time per level.
                   A        B        C        D        E       F      G
               +--------+--------+--------+--------+--------+-----+--------+
         Total |   1037 |   1037 |      0 |      0 |    811 |   1 | 1037.0 |
       Dungeon |   1037 |   1037 |      0 |      0 |    811 |   1 | 1037.0 |
               +--------+--------+--------+--------+--------+-----+--------+

Top non-repeatable levels by time:
     D:1: 1037 daAuts
